 Dungeon Crawl Stone Soup version 0.21-a0-528-gf531e82 (webtiles) character file.

193 luca467 the Sneak (level 5, -1/64 HPs)
             Began as a Gnoll Wanderer on Dec 8, 2017.
             Slain by a scorpion (3 damage)
             ... on level 3 of the Dungeon.
             The game lasted 00:07:25 (2240 turns).

luca467 the Sneak (Gnoll Wanderer)                  Turns: 2240, Time: 00:07:27

Health: -1/64      AC: 22    Str: 14    XL:     5   Next: 72%
Magic:  9/9        EV:  2    Int: 11    God:
Gold:   239        SH:  0    Dex: 22    Spells: 7/10 levels left

rFire    . . .     SeeInvis .   c - +0 quarterstaff
rCold    . . .     Gourm    .   (shield currently unavailable)
rNeg     + + +     Faith    .   (armour currently unavailable)
rPois    +         Spirit   .   (helmet currently unavailable)
rElec    .         Reflect  .   (cloak currently unavailable)
rCorr    .         Harm     .   (gloves currently unavailable)
MR       .....     NoTele   +   (boots currently unavailable)
Stlth    +++++.....             (no amulet)
HPRegen  0.20/turn              (no ring)
MPRegen  0.11/turn              (no ring)

@: agile, lethally poisoned (-1 -> -15), tree-form
A: distributed training, dopey 1, strong nose
a: no special abilities


You were on level 3 of the Dungeon.
You were hungry.
You were a tree.
You visited 1 branch of the dungeon, and saw 3 of its levels.

You collected 239 gold pieces.

Inventory:

Hand Weapons
 c - a +0 quarterstaff (weapon)
Armour
 d - a +0 robe
 e - a +1 ring mail of fire resistance (melded)
 k - a +0 pair of boots (melded)
 u - a +0 cloak (melded)
Jewellery
 t - an uncursed ring of fire
Scrolls
 i - 4 scrolls of teleportation {unknown}
 j - a scroll of fog {unknown}
 n - 2 scrolls of fear {unknown}
 o - 2 scrolls of amnesia {unknown}
 q - 4 scrolls of remove curse {unknown}
 r - a scroll of blinking {unknown}
 s - a scroll of magic mapping {unknown}
 w - 2 scrolls of identify {unknown}
 y - a scroll of enchant armour {unknown}
Books
 a - a book of Minor Magic

   Spells                             Type                      Level
   a - Magic Dart                     Conjuration                  1
   b - Blink                          Translocation                2
   c - Call Imp                       Summoning                    2
   d - Slow                           Hexes                        2
   e - Conjure Flame                  Conjuration/Fire             3
   f - Mephitic Cloud                 Conjuration/Poison/Air       3
 b - the Collected Works on Unholy Rites

   Spells                             Type                      Level
   a - Animate Skeleton               Necromancy                   1
   b - Regeneration                   Charms/Necromancy            3
Comestibles
 f - 3 bread rations
 h - 2 meat rations
 m - a royal jelly


   Skills:
 + Level 4.8 Fighting
 + Level 1.6 Short Blades
 + Level 1.6 Long Blades
 + Level 1.6 Axes
 + Level 1.6 Maces & Flails
 + Level 1.6 Polearms
 + Level 4.8 Staves
 + Level 1.6 Slings
 + Level 1.6 Bows
 + Level 1.6 Crossbows
 + Level 1.6 Throwing
 + Level 1.6 Armour
 + Level 1.6 Dodging
 + Level 6.2 Stealth
 + Level 1.6 Shields
 + Level 1.6 Unarmed Combat
 + Level 3.2 Spellcasting
 + Level 2.4 Conjurations
 + Level 1.2 Hexes
 + Level 1.2 Charms
 + Level 1.2 Summonings
 + Level 1.2 Necromancy
 + Level 1.2 Translocations
 + Level 1.2 Transmutations
 + Level 1.2 Fire Magic
 + Level 1.2 Ice Magic
 + Level 2.4 Air Magic
 + Level 1.2 Earth Magic
 + Level 1.2 Poison Magic
 + Level 1.8 Invocations
 + Level 1.6 Evocations


You had 7 spell levels left.
You knew the following spells:

 Your Spells              Type           Power        Failure   Level  Hunger
r - Regeneration          Chrm/Necr      #.........   41%         3    ###....


Dungeon Overview and Level Annotations

Branches:
Dungeon (3/15)

Altars:
Elyvilon
Gozag


Innate Abilities, Weirdness & Mutations

Your experience applies equally to all skills.
((You have very sharp teeth.))
Your uncanny sense of smell can sniff out nearby items.
You are dopey. (Int -2)
((Your flesh is heat resistant. (rF+)))


Message History

The scorpion is almost dead.
* * * LOW HITPOINT WARNING * * *
You feel very sick. The scorpion barely misses you.
It was a potion of mutation.
You feel extremely strange.
You feel stupid.
You feel resistant to heat.
* * * LOW HITPOINT WARNING * * *
You feel sick. The scorpion closely misses you.
It was a potion of agility.
You feel agile all of a sudden.
* * * LOW HITPOINT WARNING * * *
You feel sick. The scorpion closely misses you.
It was a potion of lignification.
You turn into a tree.
Your +0 cloak melds into your body.
Your +0 pair of boots melds into your body.
Your +1 ring mail of fire resistance melds into your body.
You feel less resistant to fire.
Your roots penetrate the ground.
* * * LOW HITPOINT WARNING * * *
You feel sick. The scorpion stings you.
You die...

. #........##.......
##+#...#.................
.......######............
....... ##.###.###...
..>.... ...#.....#...
..... ######.#.###...
##.#... #....#.._..#...
#......####....###.#.#..#
#......s♣......#.....#..#
#..............###.####..
#........................
#.).#########............
#.. ................ #.
.......#####..... #
.......#.....)...
.#######.###.....
######'#<#.....


You could see a scorpion.

Vanquished Creatures
  2 orc priests (D:3)
  A worker ant (D:3)
  3 adders
  A dart slug (D:3)
  5 leopard geckos
  An orc (D:3)
  5 bats
  2 giant cockroaches
  5 goblins
  4 hobgoblins
  18 jackals
  8 kobolds
  3 quokkas (D:2)
  A ball python (D:2)
  3 frilled lizards
  8 rats
70 creatures vanquished.

Notes
Turn   | Place    | Note
-------+----------+-------------------------------------------
     0 | D:1      | luca467 the Gnoll Wanderer began the quest for the Orb.
     0 | D:1      | luca467 set off with: a book of Minor Magic, the Collected Works on Unholy Rites, a +0 quarterstaff, a +0 robe, a +0 dagger, a bread ration
     0 | D:1      | Reached XP level 1. HP: 20/20 MP: 4/4
     1 | D:1      | Identified the Collected Works on Unholy Rites
   111 | D:1      | Reached XP level 2. HP: 26/26 MP: 5/5
   439 | D:1      | Reached XP level 3. HP: 20/31 MP: 7/7
   773 | D:2      | Reached skill level 6 in Stealth
   849 | D:2      | Reached skill level 1 in Invocations
   898 | D:2      | Reached skill level 1 in Short Blades
   898 | D:2      | Reached skill level 1 in Long Blades
   898 | D:2      | Reached skill level 1 in Axes
   898 | D:2      | Reached skill level 1 in Maces & Flails
   898 | D:2      | Reached skill level 1 in Polearms
   898 | D:2      | Reached skill level 1 in Slings
   898 | D:2      | Reached skill level 1 in Bows
   898 | D:2      | Reached skill level 1 in Crossbows
   898 | D:2      | Reached skill level 1 in Throwing
   898 | D:2      | Reached skill level 1 in Armour
   898 | D:2      | Reached skill level 1 in Dodging
   898 | D:2      | Reached skill level 1 in Shields
   898 | D:2      | Reached skill level 1 in Unarmed Combat
   898 | D:2      | Reached skill level 1 in Evocations
   898 | D:2      | Reached XP level 4. HP: 34/38 MP: 8/8
  1123 | D:2      | Found a white marble altar of Elyvilon.
  1240 | D:2      | Learned a level 3 spell: Regeneration
  1500 | D:3      | Reached skill level 1 in Hexes
  1500 | D:3      | Reached skill level 1 in Charms
  1500 | D:3      | Reached skill level 1 in Summonings
  1500 | D:3      | Reached skill level 1 in Necromancy
  1500 | D:3      | Reached skill level 1 in Translocations
  1500 | D:3      | Reached skill level 1 in Transmutations
  1500 | D:3      | Reached skill level 1 in Fire Magic
  1500 | D:3      | Reached skill level 1 in Ice Magic
  1500 | D:3      | Reached skill level 1 in Earth Magic
  1500 | D:3      | Reached skill level 1 in Poison Magic
  1813 | D:3      | Reached XP level 5. HP: 37/43 MP: 9/9
  2195 | D:3      | Found an opulent altar of Gozag.
  2238 | D:3      | Gained mutation: You are dopey. (Int -2) [potion of mutation]
  2238 | D:3      | Gained mutation: Your flesh is heat resistant. (rF+) [potion of mutation]
  2240 | D:3      | HP: 2/64 [poisoned by a scorpion]
  2240 | D:3      | Slain by a scorpion

Vault maps used:
D:1:      minmay_arrival_solitary_statue, grunt_decor_cap
D:2:      elyvilon_altar_4
D:3:      minmay_wonky_spiral, nicolae_gozag_cash_rules_everything_around_me

Skill      XL: |  1  2  3  4 |
---------------+-------------+-----
Conjurations   | 2 |  2.4
Air Magic      | 2 |  2.4
Stealth        | 6 |  6.2
Invocations    | 1 |  1.8
Short Blades   | 1 |  1.6
Long Blades    | 1 |  1.6
Axes           | 1 |  1.6
Maces & Flails | 1 |  1.6
Polearms       | 1 |  1.6
Slings         | 1 |  1.6
Bows           | 1 |  1.6
Crossbows      | 1 |  1.6
Throwing       | 1 |  1.6
Armour         | 1 |  1.6
Dodging        | 1 |  1.6
Shields        | 1 |  1.6
Unarmed Combat | 1 |  1.6
Evocations     | 1 |  1.6
Spellcasting   | 3 |  3.2
Hexes          | 1 |  1.2
Charms         | 1 |  1.2
Summonings     | 1 |  1.2
Necromancy     | 1 |  1.2
Translocations | 1 |  1.2
Transmutations | 1 |  1.2
Fire Magic     | 1 |  1.2
Ice Magic      | 1 |  1.2
Earth Magic    | 1 |  1.2
Poison Magic   | 1 |  1.2
Fighting       | |  4.8
Staves         | |  4.8

Action                   |  1- 3 |  4- 6 || total
-------------------------+-------+-------++-------
Melee: Quarterstaff      |   119 |    97 ||   216
       Bite              |     9 |    11 ||    20
  Use: Potion            |       |     5 ||     5
 Stab: Sleeping          |     5 |     4 ||     9
  Eat: Chunk             |       |     4 ||     4
Armor: Robe              |     2 |       ||     2
       Ring mail         |    62 |    45 ||   107
Dodge: Dodged            |    71 |    57 ||   128

Table legend:
 A = Spawn XP
 B = Non-spawn XP
 C = Spawn XP percentage of total XP
 D = Spawn monster count
 E = Non-spawn monster count
 F = Spawn count percentage of total count
 G = Total turns spent on level
                    A         B        C        D         E        F      G
               +---------+---------+-------+---------+---------+-------+---------
         Total |       0 |     276 |   0.0 |       0 |      70 |   0.0 |  2240
               +---------+---------+-------+---------+---------+-------+---------
           D:1 |       0 |      39 |   0.0 |       0 |      21 |   0.0 |   663
           D:2 |       0 |      70 |   0.0 |       0 |      33 |   0.0 |   762
           D:3 |       0 |     167 |   0.0 |       0 |      16 |   0.0 |   815
               +---------+---------+-------+---------+---------+-------+---------
